PA
KENT COMETS @ ROCKY MOUNTAIN VIBES
07/03/2041
 
TOP OF THE 1ST
Kent Comets batting - Pitching for Rocky Mountain Vibes : RHP José Luján
Pitching: RHP José Luján
Batting: LHB Numberto Pencíl 0-0: Ball
1-0: Fly out, F3 (Popup, 3SF, EV 80.6 MPH)
Batting: RHB Jai-guo Tian 0-0: Ground out 3-1 (Groundball, 34, EV 87.5 MPH)
Batting: RHB Alohinani Puanani 0-0: Ground out 6-3 (Groundball, 6, EV 87.5 MPH)
Top of the 1st over - 0 runs, 0 hits, 0 errors, 0 left on base; Kent 0 - Rocky Mountain 0
BOTTOM OF THE 1ST
Rocky Mountain Vibes batting - Pitching for Kent Comets : RHP Eddie de Vlaming
Pitching: RHP Eddie de Vlaming
Batting: RHB Juan Sierra 0-0: Called Strike
0-1: Ground out 4-3 (Groundball, 4, EV 80.0 MPH)
Batting: RHB Uoti Vaijärvi 0-0: Ball
1-0: Swinging Strike
1-1: Ball
2-1: Fly out, F8 (Flyball, 89XD, EV 110.6 MPH)
Batting: RHB Magnus Fjord 0-0: Called Strike
0-1: Ball
1-1: Ball
2-1: Ball
3-1: Base on Balls
Batting: SHB William Anderson 0-0: Called Strike
0-1: Ball
1-1: Ball
2-1: Called Strike
2-2: Foul Ball, location: 2F
2-2: Strikes out looking
Bottom of the 1st over - 0 runs, 0 hits, 0 errors, 1 left on base; Kent 0 - Rocky Mountain 0
TOP OF THE 2ND
Kent Comets batting - Pitching for Rocky Mountain Vibes : RHP José Luján
Batting: RHB Bill Carson 0-0: Called Strike
0-1: Ball
1-1: Ground out 6-3 (Groundball, 6, EV 106.2 MPH)
Batting: SHB Jesús Muñíz 0-0: Called Strike
0-1: Ball
1-1: Called Strike
1-2: Foul Ball, location: 2F
1-2: Strikes out swinging
Batting: LHB Jorge Hernández 0-0: Ball
1-0: Ball
2-0: SINGLE (Line Drive, 34D, EV 103.1 MPH)
Batting: RHB Brian Myers 0-0: Ball
1-0: Foul Ball, location: 2F
1-1: Called Strike
1-2: Strikes out swinging
Top of the 2nd over - 0 runs, 1 hit, 0 errors, 1 left on base; Kent 0 - Rocky Mountain 0
BOTTOM OF THE 2ND
Rocky Mountain Vibes batting - Pitching for Kent Comets : RHP Eddie de Vlaming
Batting: RHB Benoît Baudry 0-0: Ball
1-0: Foul Ball, location: 2F
1-1: Fly out, F8 (Flyball, 78D, EV 88.8 MPH)
Batting: LHB Alexandre Prost 0-0: Foul Ball, location: 2F
0-1: SINGLE (Groundball, 6, EV 96.2 MPH) (infield hit)
Batting: RHB Mark Fontenot 0-0: Called Strike
0-1: Ball
1-1: Swinging Strike
1-2: Foul Ball, location: 2F
1-2: Ball
2-2: Strikes out swinging
Batting: RHB Daniel Morel 0-0: Ball
1-0: Ball
2-0: Ball
3-0: Called Strike
3-1: Swinging Strike
3-2: Ground out 4-3 (Groundball, 4, EV 92.5 MPH)
Bottom of the 2nd over - 0 runs, 1 hit, 0 errors, 1 left on base; Kent 0 - Rocky Mountain 0
TOP OF THE 3RD
Kent Comets batting - Pitching for Rocky Mountain Vibes : RHP José Luján
Batting: LHB Bobby O'Kennedy 0-0: Ball
1-0: Ball
2-0: Called Strike
2-1: Called Strike
2-2: Foul Ball, location: 2F
2-2: Strikes out swinging
Batting: RHB Manny Peña 0-0: Swinging Strike
0-1: Called Strike
0-2: Ball
1-2: Strikes out swinging
Batting: LHB Numberto Pencíl 0-0: Called Strike
0-1: Ball
1-1: Ball
2-1: Ball
3-1: Called Strike
3-2: Foul Ball, location: 2F
3-2: Base on Balls
Batting: RHB Jai-guo Tian 0-0: Ground out 1-3 (Groundball, 34S, EV 61.2 MPH)
Top of the 3rd over - 0 runs, 0 hits, 0 errors, 1 left on base; Kent 0 - Rocky Mountain 0
BOTTOM OF THE 3RD
Rocky Mountain Vibes batting - Pitching for Kent Comets : RHP Eddie de Vlaming
Batting: RHB Juan Rea 0-0: Called Strike
0-1: Swinging Strike
0-2: Ball
1-2: Ball
2-2: Ball
3-2: SINGLE (Line Drive, 7S, EV 96.2 MPH)
Batting: RHB Juan Sierra 0-0: Ball
1-0: Ball
2-0: Called Strike
2-1: Grounds into double play, 5-4-3 (Groundball, 5S, EV 85.6 MPH)
Batting: RHB Uoti Vaijärvi 0-0: Ball
1-0: Ball
2-0: Swinging Strike
2-1: Foul Ball, location: 2F
2-2: Foul Ball, location: 2F
2-2: Fly out, F9 (Flyball, 9S, EV 87.5 MPH)
Bottom of the 3rd over - 0 runs, 1 hit, 0 errors, 0 left on base; Kent 0 - Rocky Mountain 0
TOP OF THE 4TH
Kent Comets batting - Pitching for Rocky Mountain Vibes : RHP José Luján
Batting: RHB Alohinani Puanani 0-0: Ball
1-0: SINGLE (Groundball, 4MD, EV 110.0 MPH)
Batting: RHB Bill Carson 0-0: Ball
Alohinani Puanani steals 2nd base
1-0: Foul Ball, location: 2F
1-1: Ball
2-1: Called Strike
2-2: Reached via error on a dropped throw from 1B, E1 (Groundball, 34, EV 83.1 MPH)
Alohinani Puanani to third
Batting: SHB Jesús Muñíz 0-0: Called Strike
0-1: Ball
1-1: SINGLE (Groundball, 6D, EV 98.1 MPH)
Alohinani Puanani scores
Bill Carson to second
Batting: LHB Jorge Hernández 0-0: Foul Ball, location: 2F
0-1: Ball
1-1: Called Strike
1-2: Ball
2-2: Fly out, F8 (Flyball, 8RM, EV 76.9 MPH)
Batting: RHB Brian Myers 0-0: Swinging Strike
0-1: Foul Ball, location: 2F
0-2: Ball
1-2: Ball
2-2: Ball
3-2: Foul Ball, location: 2F
3-2: Strikes out swinging
Batting: LHB Bobby O'Kennedy 0-0: Called Strike
0-1: Called Strike
0-2: Ball
1-2: Strikes out swinging
Top of the 4th over - 1 run, 2 hits, 1 error, 2 left on base; Kent 1 - Rocky Mountain 0
BOTTOM OF THE 4TH
Rocky Mountain Vibes batting - Pitching for Kent Comets : RHP Eddie de Vlaming
Batting: RHB Magnus Fjord 0-0: SINGLE (Groundball, 6, EV 103.1 MPH) (infield hit)
Batting: SHB William Anderson 0-0: Foul Ball, location: 2F
0-1: Ball
1-1: Reached on error, E3 (Groundball, 34, EV 78.8 MPH)
Magnus Fjord to third
Batting: RHB Benoît Baudry 0-0: Foul Ball, location: 2F
0-1: Ball
Wild Pitch!
Magnus Fjord scores
William Anderson to third
1-1: Fly out, F9 (Flyball, 8RM, EV 89.4 MPH)
Runner from 3rd tags up, SCORES, throw by RF
Batting: LHB Alexandre Prost 0-0: Ball
1-0: Swinging Strike
1-1: SINGLE (Groundball, 5, EV 88.1 MPH) (infield hit)
Batting: RHB Mark Fontenot 0-0: Ball
1-0: Called Strike
1-1: Ball
2-1: Fly out, F9 (Flyball, 9, EV 72.5 MPH)
Batting: RHB Daniel Morel 0-0: Ball
1-0: Called Strike
1-1: Ball
2-1: Ball
Alexandre Prost is caught stealing 2nd base 2-4
Bottom of the 4th over - 2 runs, 2 hits, 1 error, 0 left on base; Kent 1 - Rocky Mountain 2
TOP OF THE 5TH
Kent Comets batting - Pitching for Rocky Mountain Vibes : RHP José Luján
Batting: RHB Manny Peña 0-0: Foul Ball, location: 2F
0-1: Ground out 6-3 (Groundball, 6, EV 103.1 MPH)
Batting: LHB Numberto Pencíl 0-0: Ball
1-0: Ball
2-0: Ball
3-0: Base on Balls
Batting: RHB Jai-guo Tian 0-0: Ball
1-0: Ball
2-0: Foul Ball, location: 2F
2-1: Ball
3-1: Called Strike
3-2: Foul Ball, location: 2F
3-2: DOUBLE (Line Drive, 9LS, EV 108.1 MPH)
Numberto Pencíl to third
Runner from 3rd tries for Home, SAFE, throw by RF to trailing runner, SAFE at third!
Batting: RHB Alohinani Puanani 0-0: Called Strike
0-1: Fly out, F8 (Flyball, 8LXD, EV 110.6 MPH)
Runner from 3rd tags up, SCORES, no throw by CF
Batting: RHB Bill Carson 0-0: Called Strike
0-1: Called Strike
0-2: Ball
1-2: Ball
2-2: Foul Ball, location: 2F
2-2: Foul Ball, location: 2F
2-2: Strikes out looking
Top of the 5th over - 2 runs, 1 hit, 0 errors, 0 left on base; Kent 3 - Rocky Mountain 2
BOTTOM OF THE 5TH
Rocky Mountain Vibes batting - Pitching for Kent Comets : RHP Eddie de Vlaming
Batting: RHB Daniel Morel 0-0: Ball
1-0: Swinging Strike
1-1: Ball
2-1: SINGLE (Groundball, 56D, EV 105.0 MPH)
Batting: RHB Juan Rea 0-0: Sac Bunt to 13 - play at first, batter OUT! 1-4
Daniel Morel to second
Batting: RHB Juan Sierra 0-0: Called Strike
0-1: Ball
1-1: Ball
2-1: Fly out, F7 (Flyball, 7D, EV 88.1 MPH)
Batting: RHB Uoti Vaijärvi 0-0: Ball
1-0: Ball
2-0: Ball
3-0: Base on Balls
Batting: RHB Magnus Fjord 0-0: Ball
1-0: Ball
2-0: Called Strike
2-1: Foul Ball, location: 2F
2-2: Fly out, F9 (Flyball, 89M, EV 84.4 MPH)
Bottom of the 5th over - 0 runs, 1 hit, 0 errors, 2 left on base; Kent 3 - Rocky Mountain 2
TOP OF THE 6TH
Kent Comets batting - Pitching for Rocky Mountain Vibes : RHP José Luján
Batting: SHB Jesús Muñíz 0-0: Ball
1-0: Called Strike
1-1: SINGLE (Groundball, 56D, EV 100.0 MPH)
Batting: LHB Jorge Hernández 0-0: Ball
1-0: Called Strike
1-1: Foul Ball, location: 2F
1-2: Foul Ball, location: 2F
1-2: Strikes out looking
Batting: RHB Brian Myers 0-0: Called Strike
0-1: Fly out, F8 (Line Drive, 8LD, EV 93.8 MPH)
Batting: LHB Bobby O'Kennedy 0-0: Called Strike
0-1: Foul Ball, location: 2F
0-2: Ball
1-2: Strikes out swinging
Top of the 6th over - 0 runs, 1 hit, 0 errors, 1 left on base; Kent 3 - Rocky Mountain 2
BOTTOM OF THE 6TH
Rocky Mountain Vibes batting - Pitching for Kent Comets : RHP Eddie de Vlaming
Batting: SHB William Anderson 0-0: Swinging Strike
0-1: Foul Ball, location: 2F
0-2: Strikes out swinging
Batting: RHB Benoît Baudry 0-0: Called Strike
0-1: Ball
1-1: SINGLE (Groundball, 6D, EV 94.4 MPH)
Batting: LHB Alexandre Prost 0-0: Ball
1-0: Ball
2-0: Ball
3-0: Base on Balls
Benoît Baudry to second
Pitching: LHP Jack Young
Batting: RHB Mark Fontenot 0-0: Ball
1-0: Foul Ball, location: 2F
1-1: SINGLE (Line Drive, 89M, EV 107.5 MPH)
Benoît Baudry to third
Alexandre Prost to second
Batting: RHB Daniel Morel 0-0: Swinging Strike
0-1: Swinging Strike
0-2: Strikes out swinging
Batting: RHB Juan Rea 0-0: Ball
1-0: Called Strike
1-1: Ball
2-1: Foul Ball, location: 2F
2-2: Strikes out looking
Bottom of the 6th over - 0 runs, 2 hits, 0 errors, 3 left on base; Kent 3 - Rocky Mountain 2
TOP OF THE 7TH
Kent Comets batting - Pitching for Rocky Mountain Vibes : RHP José Luján
Pitching: LHP Kenny Pollock
Batting: RHB Manny Peña 0-0: Called Strike
0-1: Swinging Strike
0-2: Strikes out swinging
Batting: LHB Numberto Pencíl 0-0: Called Strike
0-1: Fly out, F7 (Flyball, 8LS, EV 97.5 MPH)
Batting: RHB Jai-guo Tian 0-0: Called Strike
0-1: Ball
1-1: Ball
2-1: Ground out 5-3 (Groundball, 5, EV 84.4 MPH)
Top of the 7th over - 0 runs, 0 hits, 0 errors, 0 left on base; Kent 3 - Rocky Mountain 2
BOTTOM OF THE 7TH
Rocky Mountain Vibes batting - Pitching for Kent Comets : LHP Jack Young
Batting: RHB Juan Sierra 0-0: Foul Ball, location: 2F
0-1: Ball
1-1: Ball
2-1: Ball
3-1: Base on Balls
Batting: RHB Uoti Vaijärvi 0-0: Called Strike
Juan Sierra steals 2nd base
0-1: Ball
1-1: Ball
2-1: Ball
3-1: Called Strike
3-2: 2-RUN HOME RUN (Flyball, 78XD, EV 102.5 MPH), Distance : 448 ft
Batting: RHB Magnus Fjord 0-0: Called Strike
0-1: SOLO HOME RUN (Flyball, 7LD, EV 101.9 MPH), Distance : 357 ft
Pitching: RHP Pippino Maini
Batting: SHB William Anderson 0-0: Ball
1-0: Ball
2-0: Ball
3-0: Called Strike
3-1: Called Strike
3-2: Strikes out swinging
Batting: RHB Benoît Baudry 0-0: Called Strike
0-1: SINGLE (Groundball, 34, EV 99.4 MPH) (infield hit)
Batting: LHB Alexandre Prost 0-0: Ball
1-0: Foul Ball, location: 2F
1-1: Ball
2-1: DOUBLE (Line Drive, 5D, EV 98.1 MPH)
Benoît Baudry to third
Batting: RHB Mark Fontenot 0-0: Fly out, F8 (Line Drive, 8LD, EV 89.4 MPH)
Runner from 3rd tags up, OUT at HOME! 8-2
Bottom of the 7th over - 3 runs, 4 hits, 0 errors, 1 left on base; Kent 3 - Rocky Mountain 5
TOP OF THE 8TH
Kent Comets batting - Pitching for Rocky Mountain Vibes : LHP Kenny Pollock
Now in RF: Eugene Taylor
Batting: RHB Alohinani Puanani 0-0: Ball
1-0: Fly out, F4 (Popup, 34, EV 71.2 MPH)
Batting: RHB Bill Carson 0-0: Ball
1-0: Ball
2-0: Ground out 4-3 (Groundball, 4, EV 98.8 MPH)
Batting: SHB Jesús Muñíz 0-0: Reached on error, E5 (Groundball, 5, EV 78.1 MPH)
Batting: LHB Jorge Hernández 0-0: Foul Ball, location: 2F
0-1: Ball
1-1: Swinging Strike
1-2: Strikes out swinging
Top of the 8th over - 0 runs, 0 hits, 1 error, 1 left on base; Kent 3 - Rocky Mountain 5
BOTTOM OF THE 8TH
Rocky Mountain Vibes batting - Pitching for Kent Comets : RHP Pippino Maini
Batting: RHB Daniel Morel 0-0: Called Strike
0-1: Foul Ball, location: 2F
0-2: Reached on error, E1 (Groundball, 13S, EV 70.0 MPH)
Batting: RHB Juan Rea 0-0: Fielders Choice at 2nd, 5-4 (Groundball, 56, EV 83.1 MPH)
Batting: RHB Juan Sierra 0-0: Called Strike
0-1: Ball
1-1: Fly out, F7 (Line Drive, 7, EV 93.8 MPH)
Batting: RHB Uoti Vaijärvi 0-0: Ball
1-0: Called Strike
1-1: Ball
2-1: Ball
3-1: Base on Balls
Juan Rea to second
Batting: RHB Magnus Fjord 0-0: Ball
1-0: Foul Ball, location: 2F
1-1: Fly out, F4 (Popup, 4, EV 70.6 MPH)
Bottom of the 8th over - 0 runs, 0 hits, 1 error, 2 left on base; Kent 3 - Rocky Mountain 5
TOP OF THE 9TH
Kent Comets batting - Pitching for Rocky Mountain Vibes : LHP Kenny Pollock
Batting: RHB Brian Myers 0-0: Called Strike
0-1: Ground out 1-3 (Groundball, 23, EV 66.2 MPH)
Batting: LHB Bobby O'Kennedy 0-0: Foul Ball, location: 2F
0-1: Called Strike
0-2: Strikes out swinging
Batting: RHB Manny Peña 0-0: Ground out 5-3 (Groundball, 56, EV 85.0 MPH)
Top of the 9th over - 0 runs, 0 hits, 0 errors, 0 left on base; Kent 3 - Rocky Mountain 5
Tuesday, January 5th, 2021 - OOTP Baseball 20.8 Build 74